 Dungeon Crawl Stone Soup version 0.31-a0-1458-g2f8d4710b4 (webtiles) character file.

Game seed: 13517837394353696641

28492 bloodandswash the Basher (level 13, -7/79 HPs)
             Began as an Octopode Chaos Knight on Dec 28, 2023.
             Was a Plaything of Xom.
             Mangled by an eight-headed hydra (8 damage)
             ... on level 5 of the Lair of Beasts.
             The game lasted 00:25:46 (15201 turns).

bloodandswash the Basher (Octopode Chaos Knight)   Turns: 15201, Time: 00:25:47

Health: -7/79      AC:  5    Str: 16    XL:     13   Next: 39%
Magic:  22/22      EV: 16    Int: 19    God:    Xom [.*....]
Gold:   1069       SH: 11    Dex: 13    Spells: 6/12 levels left

rFire   + . .        v - +11 flail of Dies {protect, rC+ Stlth+}
rCold   + + .        L - +2 kite shield
rNeg    . . .        (helmet currently unavailable)
rPois   .            (no amulet)
rElec   .            e - +6 ring of strength
rCorr   .            p - ring of see invisible
SInv    +            B - +4 ring of protection
Will    .....        H - ring of protection from fire
Stlth   +++          N - ring of magical power
HPRegen 0.33/turn    R - ring of protection from cold
MPRegen 0.18/turn    (no ring)
                     (no ring)

%: no passive effects
@: beast-form
A: beast (slay +4), almost no armour, amphibious, 8 rings, camouflage 1,
gelatinous body 1, (nimble swimmer 1), tentacles, clever 1, clumsy 1, frail 1,
teleportitis 1
a: Begin Untransformation, Renounce Religion


You were on level 5 of the Lair of Beasts.
You worshipped Xom.
You were a plaything of Xom.
You were a hulking beast.
You visited 2 branches of the dungeon, and saw 16 of its levels.
You also visited: Ossuary.

You collected 1069 gold pieces.

Inventory:

Hand Weapons
 a - a +0 falchion of chaos
 h - a +2 scythe of flaming
 r - the +7 staff of the Meek {protect, meekguard}
   (You found it on level 3 of the Dungeon)
 s - a +0 eveningstar of freezing
 v - the +11 flail of Dies (weapon) {protect, rC+ Stlth+}
   (You found it on level 5 of the Dungeon)

   rC+:       It protects you from cold.
   Stlth+:    It makes you more stealthy.
Missiles
 f - 27 poisoned darts
Armour
 G - a +0 buckler
 L - a +2 kite shield (worn)
Jewellery
 e - a +6 ring of strength (left tentacle)
 p - a ring of see invisible (right tentacle)
 B - a +4 ring of protection (on tentacle)
 H - a ring of protection from fire (on tentacle)
 N - a ring of magical power (on tentacle)
 R - a ring of protection from cold (on tentacle)
Talismans
 x - a maw talisman
 M - a beast talisman (active)
Wands
 l - a wand of digging (2) {@v3}
 m - a wand of polymorph (6)
 E - a wand of quicksilver (9)
 S - a wand of charming (3)
 T - a wand of flame (5)
Scrolls
 b - 2 scrolls of blinking {@r4}
 g - 2 scrolls of torment
 i - 5 scrolls of poison
 n - 2 scrolls of acquirement {unknown}
 o - 3 scrolls of vulnerability
 q - 3 scrolls of immolation
 t - 3 scrolls of amnesia
 u - a scroll of revelation
 y - 2 scrolls of fog
 J - 2 scrolls of summoning {unknown}
 O - a scroll of noise
 Q - 2 scrolls of brand weapon
Potions
 c - 3 potions of curing {@q1}
 d - 3 potions of enlightenment
 j - 2 potions of might {unknown}
 A - 4 potions of brilliance
 D - 2 potions of attraction {unknown}
 F - 3 potions of berserk rage {unknown}
 I - 3 potions of degeneration {unknown}
 K - a potion of cancellation {unknown}
 U - 3 potions of mutation {unknown}
 V - a potion of invisibility {unknown}
Miscellaneous
 P - a lightning rod (3/4)


   Skills:
 - Level 8.0 Fighting
 - Level 6.0 Long Blades
 * Level 14.1 Maces & Flails
 + Level 11.0 Dodging
 - Level 5.0 Shields
 - Level 2.9 Evocations
 + Level 8.0 Shapeshifting


You had 6 spell levels left.
You knew the following spells:

 Your Spells              Type           Power      Damage    Failure   Level
a - Passwall              Erth           0%         N/A       86%         3
b - Swiftness             Air            0%         N/A       86%         3

Your spell library contained the following spells:

 Spells                   Type           Power      Damage    Failure   Level
 Summon Small Mammal      Summ           0%         N/A       50%         1
 Cigotuvi's Dreadful Rot  Necr/Alch/Air  0%         N/A       63%         2
 Ensorcelled Hibernation  Hex/Ice        0%         N/A       63%         2
 Jinxbite                 Hex            0%         N/A       63%         2
 Call Canine Familiar     Summ           0%         N/A       86%         3
 Gell's Gravitas          Tloc           0%         N/A       86%         3
 Hailstorm                Conj/Ice       0%         3d5       86%         3
 Summon Ice Beast         Ice/Summ       0%         N/A       86%         3
 Teleport Other           Tloc           0%         N/A       86%         3
 Animate Dead             Necr           0%         N/A       99%         4
 Dispel Undead            Necr           0%         3d6       99%         4
 Martyr's Knell           Necr/Summ      0%         N/A       99%         4
 Passage of Golubria      Tloc           0%         N/A       99%         4
 Summon Blazeheart Golem  Fire/Summ      0%         N/A       99%         4
 Borgnjor's Vile Clutch   Necr/Erth      0%         N/A       100%        5
 Silence                  Hex/Air        0%         N/A       100%        5
 Yara's Violent Unravell  Hex/Alch       0%         3d3       100%        5
 Death Channel            Necr           0%         N/A       100%        6
 Dispersal                Tloc           0%         N/A       100%        6
 Sculpt Simulacrum        Ice/Alch       0%         N/A       100%        6
 Enfeeble                 Hex            0%         N/A       100%        7
 Lehudib's Crystal Spear  Conj/Erth      0%         10d2      100%        8


Dungeon Overview and Level Annotations

Branches:
Dungeon (11/15)            Temple (0/1) D:4            Lair (5/5) D:8
 Spider (0/4) Lair:2        Slime (0/5) Lair:4          Orc (0/2) D:9
Ossuary (visited)
  Swamp: Lair:2-3    Shoals: Lair:2-3

Altars:
Ashenzari
Cheibriados
Dithmenos
Elyvilon
Gozag
Hepliaklqana
Makhleb
Nemelex Xobeh
Okawaru
Ru
Sif Muna
Trog
Xom
Zin

Annotations:
D:5 1 exclusion
Lair:4 1 runed translucent door, Hoory's ghost, journeyman GnSh


Innate Abilities, Weirdness & Mutations

You are a hulking beast.
Your limbs bulge with bestial killing power. (Slay +4)
You cannot wear most types of armour.
You are amphibious.
You can wear up to eight rings at the same time.
Your skin changes colour to match your surroundings (Stealth+).
Your rubbery body absorbs attacks. (AC +1, EV +1)
((You are camouflaged when in or above water. (Stealth+)))
You have tentacles for arms and can constrict up to eight enemies at once.
Your mind is acute. (Int +4, Str/Dex -1)
You are clumsy. (Dex -2)
You are frail. (-10% HP)
You are occasionally teleported next to monsters.


Message History

The iceblast engulfs the water moccasin!!
The now-empty wand crumbles to dust.
You hear an angry hiss. x2
Your Shapeshifting skill increases to level 8!
Aiming: Thunderbolt
Press: ? - help, Shift-Dir - straight line The thunderbolt hits the eight-headed hydra!
The thunderbolt hits the water moccasin!!
You kill the water moccasin!
You hear a bellow!
You hear a loud, deep croak!
A water moccasin comes into view.
Aiming: Quicksilver Bolt
Press: ? - help, Shift-Dir - straight line, f - eight-headed hydra
Aim: an eight-headed hydra (lightly wounded, 91% to hit)
The bolt of dispelling energy hits the eight-headed hydra!!
The bolt of dispelling energy hits the plant!!
The plant begins to die.
Xom smirks.
You feel aware of your surroundings.
You are now a plaything of Xom.
Aiming: Quicksilver Bolt
Press: ? - help, Shift-Dir - straight line, f/p - eight-headed hydra
Aim: an eight-headed hydra (moderately wounded, 91% to hit)
The bolt of dispelling energy hits the eight-headed hydra!!
Aiming: Quicksilver Bolt
Press: ? - help, Shift-Dir - straight line, f/p - eight-headed hydra
Aim: an eight-headed hydra (severely wounded, 91% to hit)
The bolt of dispelling energy hits the eight-headed hydra!!
A cane toad comes into view.
The eight-headed hydra completely misses you.
You block the eight-headed hydra's attack.
The eight-headed hydra bites you.
* * * LOW HITPOINT WARNING * * *
The eight-headed hydra bites you!
* * * LOW HITPOINT WARNING * * *
You block the eight-headed hydra's attack.
The eight-headed hydra barely misses you.
The eight-headed hydra bites you!
You die...
Xom is highly amused!

,*,*** * *, ,*,,** * **, ,** *
,,, ,..## * , * *,, * **,
,,*,P..#* *, * ,,, **,,,. *
#...* *,,,,***,, * , .., ##...
* ,, ,, , * *,, ,P..##P..## **,
, ,, * , ,****#.......##** ,,
,,,,,
,.....##*###.......##...,,, ,,,
........##.....Dh..PP...,,,,,,,
#..............†......##,,, , ,
, #(..................## *,*
,*, , ,#........P.†......S=#
*,,* .........#._........#* **
,, ,....P.D..............# **
,,,* , ,,*#.#††......##....# *
*,,,* ,, ,#..#†F.P....,....#**,
, , ,, .....P.S##....... * ,
,,,, , ,


You could see an eight-headed hydra, a cane toad and a water moccasin.

Vanquished Creatures
  A hydra (Lair:2)
  A boulder beetle (D:11)
  Erica (D:10)
  A catoblepas (Lair:4)
  4 two-headed ogres
  A sun moth (Lair:2)
  A lindwurm (Lair:4)
  5 elephants (Lair:4)
  2 black mambas
  A torpor snail (Lair:2)
  5 cane toads
  5 komodo dragons
  A freezing wraith (D:11)
  The ghost of anet the Chopper, an amateur HOCj (D:4)
  A troll (D:8)
  2 hornets
  5 dream sheep (Lair:5)
  10 blink frogs
  Sigmund (D:2)
  A vampire (D:11)
  19 yaks
  8 wyverns
  A basilisk (Lair:4)
  3 vampire mosquitoes (D:11)
  A steam dragon (D:6)
  An acid dragon (D:10)
  10 water moccasins
  Duvessa (D:4)
  6 orc warriors
  3 sky beasts
  3 ice beasts
  4 ogres
  A tengu (D:8)
  2 phantoms
  24 wolves
  9 bullfrogs
  A gnoll sergeant (D:9)
  4 kobold brigands
  7 scorpions
  A water moccasin zombie (Ossuary)
  4 wights
  Dowan (D:4)
  6 killer bees (D:10)
  2 howler monkeys
  4 electric eels
  A bombardier beetle (D:6)
  2 bullfrog zombies (Ossuary)
  A centaur zombie (Ossuary)
  A gnoll bouda (D:6)
  4 jellies
  10 orc priests
  7 hounds
  A sleepcap (D:5)
  A scorpion zombie (Ossuary)
  5 iguanas
  9 orc wizards
  A mummy (D:6)
  12 gnolls
  7 adders
  A shadow imp (D:5)
  2 white imps
  4 adder zombies (Ossuary)
  8 worms
  30 orcs
  5 endoplasms
  4 giant cockroaches
  2 hobgoblins
  2 jackals (D:2)
  17 kobolds
  2 quokkas
  13 ball pythons
  9 bats
  A frilled lizard (D:2)
  4 gnoll zombies (Ossuary)
  6 goblins
  6 goblin zombies
  A hobgoblin zombie (Ossuary)
  5 orc zombies
  5 rats
365 creatures vanquished.

Vanquished Creatures (collateral kills)
  An orc wizard (D:11)
  An orc (D:11)
2 creatures vanquished.

Vanquished Creatures (others)
  A blink frog (Lair:4)
  2 yaks (Lair:1)
3 creatures vanquished.

Grand Total: 370 creatures vanquished

Notes
Turn   | Place    | Note
-------+----------+-------------------------------------------
     0 | D:1      | bloodandswash the Octopode Chaos Knight began the quest for
                  | the Orb.
     0 | D:1      | Reached XP level 1. HP: 16/16 MP: 1/1
   270 | D:1      | Reached XP level 2. HP: 21/21 MP: 2/2
   467 | D:1      | XOM: divination: detect items
   492 | D:1      | XOM: divination: detect creatures
   853 | D:2      | Noticed Sigmund
  1815 | D:2      | Reached XP level 3. HP: 25/26 MP: 3/3
  1842 | D:2      | Killed Sigmund
  1843 | D:2      | Reached skill level 5 in Long Blades
  1843 | D:2      | Reached XP level 4. HP: 33/33 MP: 4/4
  1843 | D:2      | Reached XP level 5. HP: 37/37 MP: 5/5
  2365 | D:3      | XOM: noise
  2377 | D:3      | XOM: potion effect (heal wounds)
  2379 | D:3      | XOM: cast spell 'Fugue of the Fallen'
  2389 | D:3      | Found a broken altar of Ashenzari.
  2482 | D:3      | Found a shimmering blue altar of Sif Muna.
  2632 | D:3      | Reached XP level 6. HP: 44/44 MP: 6/6
  2721 | D:3      | Found an iron altar of Okawaru.
  2732 | D:3      | XOM: noise
  2906 | D:3      | Found the +7 staff of the Meek {protect, meekguard}
  2951 | D:3      | Found a hazy altar of Hepliaklqana.
  3054 | D:4      | XOM: stealth player
  3094 | D:4      | Noticed Dowan
  3141 | D:4      | Found a staircase to the Ecumenical Temple.
  3180 | D:4      | XOM: 2-stop teleportation journey
  3296 | D:4      | Found a snail-covered altar of Cheibriados.
  3297 | D:4      | Found a shimmering altar of Xom.
  3351 | D:4      | Noticed anet's ghost (amateur HOCj)
  3470 | D:4      | Found a runed translucent gate.
  3470 | D:4      | Found a runed translucent gate.
  3471 | D:4      | Found a runed translucent gate.
  3490 | D:4      | Reached skill level 5 in Fighting
  3490 | D:4      | Reached XP level 7. HP: 38/50 MP: 7/7
  3580 | D:4      | XOM: smoke on damage
  3898 | D:4      | XOM: cast spell 'Leda's Liquefaction'
  3964 | D:4      | XOM: silly message
  3985 | D:5      | Entered Level 5 of the Dungeon
  3989 | D:5      | XOM: noise
  4000 | D:5      | Noticed a two-headed ogre
  4290 | D:5      | Found a glowing silver altar of Zin.
  4455 | D:5      | Reached XP level 8. HP: 46/58 MP: 8/8
  4531 | D:5      | Identified the +11 flail of Dies {protect, rC+ Stlth+}
  4582 | D:5      | Reached skill level 1 in Maces & Flails
  4703 | D:5      | Found a white marble altar of Elyvilon.
  4730 | D:5      | Reached skill level 2 in Maces & Flails
  4761 | D:5      | Found a burning altar of Makhleb.
  4801 | D:5      | Found a sacrificial altar of Ru.
  4830 | D:5      | Reached skill level 3 in Maces & Flails
  4881 | D:5      | XOM: butterfly on damage
  4991 | D:5      | Noticed a wyvern
  4997 | D:5      | Killed a wyvern
  4998 | D:5      | Reached skill level 4 in Maces & Flails
  4998 | D:5      | Reached skill level 5 in Dodging
  5004 | D:5      | Reached XP level 9. HP: 45/65 MP: 9/9
  5037 | D:5      | XOM: give mutations
  5037 | D:5      | Gained mutation: You have a pair of small antennae on your
                  | head. [Xom's mischief]
  5037 | D:5      | Gained mutation: Your muscles are strong. (Str +4, Int/Dex
                  | -1) [Xom's mischief]
  5037 | D:5      | Gained mutation: Your spells are a little easier to cast,
                  | but a little less powerful. [Xom's mischief]
  5037 | D:5      | Gained mutation: You are clumsy. (Dex -2) [Xom's mischief]
  5049 | D:5      | Learned a level 3 spell: Passwall
  5053 | D:5      | Learned a level 3 spell: Swiftness
  5285 | D:6      | Found an opulent altar of Gozag.
  5326 | D:6      | XOM: silly message
  5334 | D:6      | Reached skill level 5 in Maces & Flails
  5369 | D:6      | Found a sand-covered staircase.
  5375 | Ossuary  | Entered an ossuary
  5434 | Ossuary  | XOM: cleaving
  5490 | Ossuary  | Noticed a silent spectre
  5611 | D:6      | Reached skill level 1 in Shields
  5820 | D:6      | Found a shadowy altar of Dithmenos.
  5849 | D:6      | XOM: 1-stop teleportation journey
  5852 | D:6      | Reached skill level 6 in Maces & Flails
  5987 | D:6      | XOM: 4-stop teleportation journey
  6211 | D:6      | XOM: potion effect (berserk rage)
  6282 | D:6      | XOM: summons 5 hostile demons
  6423 | D:6      | XOM: draining
  6502 | D:5      | XOM: summons 2 hostile demons
  6550 | D:7      | XOM: stat loss: -1 Int (13/14)
  6551 | D:7      | Reached skill level 1 in Evocations
  6785 | D:7      | Reached skill level 7 in Maces & Flails
  6928 | D:7      | Reached XP level 10. HP: 66/72 MP: 10/10
  7270 | D:8      | XOM: confusion
  7319 | D:8      | XOM: blink monster(s)
  7330 | D:8      | Reached skill level 1 in Shapeshifting
  7378 | D:8      | XOM: 1-stop teleportation journey
  7575 | D:8      | XOM: swap monsters
  7681 | D:9      | XOM: enchant monster (good)
  7884 | D:8      | Reached skill level 8 in Maces & Flails
  7991 | D:8      | Found a sparkling altar of Nemelex Xobeh.
  8097 | D:9      | Found a staircase to the Orcish Mines.
  8225 | D:9      | Found a bloodstained altar of Trog.
  8428 | D:8      | Found a staircase to the Lair.
  8471 | D:10     | Entered Level 10 of the Dungeon
  8645 | D:10     | XOM: summons friendly crimson imp
  8646 | D:10     | XOM: noise
  8652 | D:10     | XOM: summons 2 hostile demons
  8762 | D:10     | Noticed Erica
  8766 | D:10     | Noticed a two-headed ogre
  8772 | D:10     | Killed a two-headed ogre
  8773 | D:10     | Reached skill level 9 in Maces & Flails
  8773 | D:10     | Reached XP level 11. HP: 32/77 MP: 11/11
  8966 | D:10     | Reached skill level 5 in Shields
  9172 | D:10     | XOM: give mutations
  9172 | D:10     | Gained mutation: You have an increased reservoir of magic.
                  | (+10% MP) [Xom's mischief]
  9172 | D:10     | Lost mutation: Your muscles are strong. (Str +4, Int/Dex
                  | -1) [Xom's mischief]
  9201 | D:10     | XOM: stat loss: -1 Str (16/17)
  9382 | D:10     | XOM: blink monster(s)
  9384 | D:10     | XOM: 2-stop teleportation journey
  9543 | D:10     | Killed Erica
  9939 | D:11     | Noticed a boulder beetle
  9947 | D:11     | XOM: smoke on damage
  9951 | D:11     | Reached skill level 10 in Maces & Flails
  9958 | D:11     | Killed a boulder beetle
  9983 | D:11     | XOM: give mutations
  9983 | D:11     | Lost mutation: You have a pair of small antennae on your
                  | head. [Xom's mischief]
  9983 | D:11     | Gained mutation: You are frail. (-10% HP) [Xom's mischief]
  9983 | D:11     | Gained mutation: Your mind is acute. (Int +4, Str/Dex -1)
                  | [Xom's mischief]
  9983 | D:11     | Lost mutation: Your spells are a little easier to cast, but
                  | a little less powerful. [Xom's mischief]
 10154 | D:11     | Noticed a two-headed ogre
 10162 | D:11     | Killed a two-headed ogre
 10243 | D:11     | Noticed a two-headed ogre
 10249 | D:11     | Killed a two-headed ogre
 10758 | D:11     | XOM: god gift: 22 gold pieces
 10760 | D:11     | XOM is BORED!
 10760 | D:11     | XOM: summons 1 hostile demon
 10940 | D:5      | XOM: scenery: summon butterflies
 10943 | D:5      | Killed a two-headed ogre
 10944 | D:5      | Reached skill level 5 in Shapeshifting
 11110 | D:4      | Killed Dowan
 11111 | D:4      | Reached skill level 11 in Maces & Flails
 11111 | D:4      | Noticed Duvessa
 11116 | D:4      | Killed Duvessa
 11175 | D:4      | XOM: cleaving
 11179 | D:4      | Killed anet's ghost
 11417 | Lair:1   | Entered Level 1 of the Lair of Beasts
 11519 | D:8      | XOM: polymorph cane toad -> tengu
 11572 | Lair:1   | Reached XP level 12. HP: 37/73 MP: 13/13
 11573 | Lair:1   | XOM: divine lightning
 11577 | Lair:1   | XOM: blink monster(s)
 11586 | Lair:1   | XOM: 1-stop teleportation journey
 11930 | Lair:1   | XOM: summons 1 hostile demon
 12064 | Lair:1   | XOM: summons 9 friendly demons
 12148 | Lair:1   | Reached skill level 12 in Maces & Flails
 12161 | Lair:1   | XOM: noise
 12213 | Lair:1   | XOM: fog
 12392 | Lair:1   | XOM: noise
 12528 | Lair:2   | Found a hole to the Spider Nest.
 12761 | Lair:2   | Noticed a five-headed hydra
 12767 | Lair:2   | XOM: noise
 12769 | Lair:2   | Killed a five-headed hydra
 12770 | Lair:2   | Reached skill level 10 in Dodging
 12954 | Lair:2   | XOM: polymorph yak -> sun moth
 13058 | Lair:2   | XOM: noise
 13406 | Lair:3   | XOM: stealth player
 13410 | Lair:3   | Noticed a death yak
 13413 | Lair:3   | Noticed a death yak
 13422 | Lair:3   | a death yak changed into a caustic shrike
 13422 | Lair:3   | Noticed a caustic shrike
 13422 | Lair:3   | XOM: polymorph death yak -> caustic shrike
 13437 | Lair:3   | Reached skill level 13 in Maces & Flails
 13533 | Lair:4   | Noticed a catoblepas
 13586 | Lair:4   | XOM: swap monsters
 13595 | Lair:4   | XOM: swap monsters
 13599 | Lair:4   | Killed a catoblepas
 13600 | Lair:4   | Reached XP level 13. HP: 27/79 MP: 14/14
 13894 | Lair:4   | XOM: give mutations
 13894 | Lair:4   | Lost mutation: You have an increased reservoir of magic.
                  | (+10% MP) [Xom's mischief]
 13894 | Lair:4   | Gained mutation: You are weak. (Str -2) [Xom's mischief]
 13894 | Lair:4   | Gained mutation: You are occasionally teleported next to
                  | monsters. [Xom's mischief]
 13894 | Lair:4   | Lost mutation: You are weak. (Str -2) [Xom's mischief]
 14025 | Lair:4   | XOM: 1-stop teleportation journey
 14052 | Lair:4   | XOM: blink monster(s)
 14061 | Lair:4   | XOM: swap monsters
 14063 | Lair:4   | XOM: enchant monster (bad)
 14078 | Lair:4   | XOM: silly message
 14300 | Lair:4   | XOM: divination: detect items
 14305 | Lair:4   | XOM: repel stairs
 14445 | Lair:4   | XOM: smoke on damage
 14796 | Lair:4   | Found a staircase to the Slime Pits.
 14893 | Lair:4   | Found a runed translucent door.
 14931 | Lair:4   | XOM: summons 1 hostile demon
 14959 | Lair:4   | Noticed Hoory's ghost (journeyman GnSh)
 15146 | Lair:5   | Entered Level 5 of the Lair of Beasts
 15167 | Lair:5   | Reached skill level 14 in Maces & Flails
 15172 | Lair:5   | XOM: scenery: create altars
 15173 | Lair:5   | XOM: blink monster(s)
 15199 | Lair:5   | XOM: divination: magic mapping
 15201 | Lair:5   | HP: 1/79 [eight-headed hydra (9)]
 15201 | Lair:5   | Mangled by an eight-headed hydra

Illustrated notes

Levels and vault maps discovered:
D:1:      nicolae_arrival_memento_mori, layout_basic
D:2:      layout_loops_ring, minivault_24, uniq_sigmund
D:3:      layout_loops_cross, mainiacjoe_overflow_alcove_1, ashenzari_altar_1,
          mainiacjoe_overflow_24_doors, general_overflow_altar,
          pf_guarded_unrand_meek
D:4:      layout_loops_ring, minitemple, minmay_temple_entry_tees,
          gammafunk_ghost_split, nicolae_concentric_dashed_squares_wild,
          kennysheep_generic_room_3, uniq_duvessa
D:5:      kb_forest_paths, layout_loops_ring, kennysheep_mini, zin_treasury,
          nicolae_ru_the_path_less_chosen, elyvilon_altar_5
D:6:      layout_cave_pods, lemuel_tele_altar, mainiacjoe_overflow_catwalk,
          nicolae_ossuary_entry_giza
D:7:      layout_basic
D:8:      layout_basic, nemelex_diamond_rough_becter, erik_lair_island
D:9:      layout_rooms, mainiacjoe_overflow_six_doors_small, orc_0_dummy
D:10:     layout_long_grid, uniq_erica
D:11:     layout_gridville
Lair:1:   layout_big_grid, chequers_serial_rivers_small_b
Lair:2:   layout_gridlike, nicolae_spider_entry_non_spiders
Lair:3:   layout_hall_layers, mainiacjoe_swamp_entry_lozenge_pond,
          chequers_serial_rivers_micro_a, grunt_megastairs_4, uniq_kirke
Lair:4:   layout_cave_pods, slime_entry_1, ebering_ghost_reflecting_pool
Lair:5:   hangedman_lair_tendril_chambers, layout_layer_cave

Skill      XL: |  1  2  3  4  5  6  7  8  9 10 11 12 13 |
---------------+----------------------------------------+-----
Fighting       | 4 5 6 7 8 |  8.0
Long Blades    | 5 6 |  6.0
Dodging        | 4 5 6 7 9 10 11 | 11.0
Maces & Flails | 4 7 9 11 13 14 | 14.1
Shields        | 2 4 5 |  5.0
Evocations     | 2 |  2.9
Shapeshifting  | 3 5 7 8 |  8.0

Action                     |  1- 3 |  4- 6 |  7- 9 | 10-12 | 13-15 || total
---------------------------+-------+-------+-------+-------+-------++-------
  Melee: Falchion          |    46 |    35 |       |       |       ||    81
         Constrict         |    16 |    21 |    37 |    83 |    14 ||   171
         Tentacles         |    15 |    18 |    40 |   126 |    29 ||   228
         Punch             |     1 |     2 |     3 |    12 |     2 ||    20
         Halberd           |       |     7 |       |       |       ||     7
         Quarterstaff      |       |    33 |    44 |       |       ||    77
         Flail             |       |       |   162 |   475 |    96 ||   733
  Throw: Dart              |       |       |       |     1 |       ||     1
         Throwing net      |       |       |       |     3 |       ||     3
  Evoke: Wand              |       |       |     1 |    17 |     8 ||    26
         Lightning rod     |       |       |       |     6 |     1 ||     7
    Use: Scroll            |     1 |       |     6 |    15 |     6 ||    28
         Potion            |       |       |     2 |     2 |     4 ||     8
   Stab: Sleeping          |     5 |     9 |    15 |     6 |     3 ||    38
         Distracted        |       |       |     2 |       |       ||     2
         Petrified         |       |       |       |     4 |       ||     4
         Confused          |       |       |       |     1 |       ||     1
 Armour: Skin              |    20 |    27 |    91 |   252 |    63 ||   453
  Dodge: Dodged            |    36 |    32 |   126 |   273 |    51 ||   518
  Block: Buckler           |       |       |    16 |     9 |       ||    25
         Kite shield       |       |       |       |   234 |    51 ||   285
   Form: Beast             |       |       |       |     1 |       ||     1

Table legend: (Time is in decaauts)
 A = Elapsed time spent in this place.
 B = Non-inter-level travel time spent in this place.
 C = Inter-level travel time spent in this place.
 D = Time resting spent in this place.
 E = Time spent auto-exploring this place.
 F = Levels seen in this place.
 G = Mean time per level.
                   A        B        C        D        E       F      G
               +--------+--------+--------+--------+--------+-----+--------+
         Total |  15271 |  14593 |    678 |   2944 |   8697 |  17 |  898.3 |
       Dungeon |  11485 |  10907 |    578 |   2293 |   6577 |  11 | 1044.1 |
          Lair |   3626 |   3526 |    100 |    651 |   2069 |   5 |  725.2 |
       Ossuary |    159 |    159 |      0 |      0 |     51 |   1 |  159.0 |
               +--------+--------+--------+--------+--------+-----+--------+

Top non-repeatable levels by time:
  Lair:4: 1569 daAuts
     D:2: 1508 daAuts
    D:10: 1459 daAuts
     D:5: 1355 daAuts
     D:4: 1252 daAuts
     D:6: 1091 daAuts
     D:8: 1057 daAuts
  Lair:2: 1000 daAuts
    D:11: 969 daAuts
  Lair:1: 858 daAuts
     D:1: 821 daAuts
     D:7: 767 daAuts
     D:3: 732 daAuts
     D:9: 469 daAuts
 Ossuary: 159 daAuts
